 Dungeon Crawl Stone Soup version 0.27-a0-1431-gcffa5a9b16 (webtiles) character file.

Game seed: 18110031949519788591

9734 freelancePsychic the Basher (level 11, -1/112 HPs)
             Began as a Minotaur Chaos Knight on July 3, 2021.
             Was a Plaything of Xom.
             Slain by an orc warrior (6 damage)
             ... led by an orc high priest
             ... on level 2 of the Orcish Mines.
             The game lasted 00:29:27 (10432 turns).

freelancePsychic the Basher (MiCK)                 Turns: 10432, Time: 00:29:31

Health: -1/112     AC: 19    Str: 19    XL:     11   Next: 26%
Magic:  6/6        EV:  6    Int: 15    God:    Xom [.....*]
Gold:   705        SH: 11    Dex: 15    Spells: 10/10 levels left

rFire    + + .     SeeInvis .   x - +0 demon whip (antimagic)
rCold    . . .     Faith    .   E - +1 buckler {reflect}
rNeg     . . .     Spirit   .   n - +0 plate armour {rF+}
rPois    +         Reflect  +   (helmet unavailable)
rElec    +         Harm     .   f - +0 cloak
rCorr    +         Rampage  .   l - +0 pair of gloves
Will     ++...     Clarity  +   (no boots)
Stlth    ..........             p - amulet of the Empire {Reflect rF+ Will+ SH+5 Stlth+}
HPRegen  0.28/turn              m - ring "Duestelo" {rCorr Int+6 Slay+5 Stlth-}
MPRegen  0.10/turn              b - ring of Afodoca {Will+ MP+9 Slay+4}

@: grasped by roots, corroded, cleaving, constricted
A: horns 3, retaliatory headbutt, iridescent scales 3, thin skeletal structure
1, agile 1, clarity, mutation resistance 1, poison resistance, robust 1,
electricity resistance
a: Renounce Religion


You were on level 2 of the Orcish Mines.
You worshipped Xom.
You were Xom's teddy bear.
You visited 2 branches of the dungeon, and saw 11 of its levels.
You also visited: Ice Cave.

You collected 1511 gold pieces.
You spent 806 gold pieces at shops.

Inventory:

Hand Weapons
 a - a +0 mace of chaos
 j - a +6 eveningstar of protection
 x - a +0 antimagic demon whip (weapon)
Missiles
 d - 130 arrows
 o - 3 javelins (quivered)
 C - 3 boomerangs of dispersal
 G - a throwing net
Armour
 e - a +2 hat
 f - a +0 cloak (worn)
 l - a +0 pair of gloves (worn)
 n - a +0 plate armour of fire resistance (worn)
 y - +0 gold dragon scales
 E - a +1 buckler of reflection (worn)
Jewellery
 b - the ring of Afodoca (right hand) {Will+ MP+9 Slay+4}
   (Xom gifted it to you on level 6 of the Dungeon)

   [ring of slaying]

   Slay:      It affects your accuracy & damage with ranged weapons and melee
   (+4).
   MP:        It affects your magic capacity (+9).
   Will:      It increases your willpower.
 h - an amulet of magic regeneration
 m - the ring "Duestelo" (left hand) {rCorr Int+6 Slay+5 Stlth-}
   (You acquired it on level 6 of the Dungeon)

   [ring of intelligence]

   Int:       It affects your intelligence (+6).
   Slay:      It affects your accuracy & damage with ranged weapons and melee
   (+5).
   rCorr:     It protects you from acid and corrosion.
   Stlth:     It makes you less stealthy.
 p - the amulet of the Empire (around neck) {Reflect rF+ Will+ SH+5 Stlth+}
   (You bought it in a shop on level 3 of the Dungeon)

   [amulet of reflection]

   It reflects blocked missile attacks.
   rF:        It protects you from fire.
   SH:        It affects your SH (+5).
   Will:      It increases your willpower.
   Stlth:     It makes you more stealthy.
 t - an amulet of regeneration
 u - a ring of protection from cold
 A - a +6 ring of dexterity
 F - a +4 ring of protection
 K - a +6 ring of dexterity
Wands
 s - a wand of flame (26)
 J - a wand of paralysis (4)
Scrolls
 g - 2 scrolls of noise
 r - a scroll of fear
 v - a scroll of immolation
 D - a scroll of holy word
 I - a scroll of identify {@r1}
Potions
 c - a potion of haste {@q3}
 i - 2 potions of brilliance
 k - a potion of lignification
 q - a potion of curing {@q1}
 w - a potion of invisibility
 z - a potion of flight
 B - a potion of heal wounds {@q2}


   Skills:
 + Level 11.1 Fighting
 - Level 13.2 Maces & Flails
 + Level 9.9 Armour
 + Level 6.8 Dodging
 - Level 4.0 Shields


You had 10 spell levels left.
You didn't know any spells.
Your spell library contained the following spells:

 Spells                   Type           Power      Damage    Failure   Level
 Animate Skeleton         Necr           0%         N/A       99%         1
 Corona                   Hex            0%         N/A       99%         1
 Foxfire                  Conj/Fire      0%         2x1d4     99%         1
 Pain                     Necr           0%         1d4       99%         1
 Ensorcelled Hibernation  Hex/Ice        0%         N/A       100%        2
 Slow                     Hex            0%         N/A       100%        2
 Confusing Touch          Hex            0%         N/A       100%        3
 Conjure Flame            Conj/Fire      0%         6-21      100%        3
 Inner Flame              Hex/Fire       0%         N/A       100%        3
 Stone Arrow              Conj/Erth      0%         3d7       100%        3
 Tukima's Dance           Hex            0%         N/A       100%        3
 Vampiric Draining        Necr           0%         2d6       100%        3
 Bolt of Magma            Conj/Fire/Erth 0%         4d4       100%        5
 Shatter                  Erth           0%         3d5*      100%        9


Dungeon Overview and Level Annotations

Branches:
Dungeon (9/15)             Temple (0/1) D:6             Orc (2/2) D:9
  IceCv (visited)
   Lair: D:8-11         Elf: Orc:2

Altars:
Gozag
Hepliaklqana
Nemelex Xobeh
Okawaru
Sif Muna
Trog
Uskayaw
Vehumet
Xom
Zin

Shops:
D:2 !   D:3 *?([   D:5 [   D:6 ?   D:7 *   Orc:1 !

Annotations:
D:4 3 runed translucent doors, Phlounder's ghost, amateur DjWn
Orc:2 Jorgrun


Innate Abilities, Weirdness & Mutations

You have a pair of large horns on your head.
You reflexively headbutt those who attack you in melee.
You are completely covered in iridescent scales. (AC +6)
You have a somewhat thin skeletal structure. (Dex +2, Stealth+)
You are agile. (Dex +2)
You possess an exceptional clarity of mind.
You are somewhat resistant to further mutation.
Your system is resistant to poisons. (rPois)
You are robust. (+10% HP)
You are resistant to electric shocks. (rElec)


Message History

Your trail of clouds dissipates.
The orc warrior hits you but does no damage.
The orc warrior hits you with a +0 trident!
You block the orc's attack.
The orc warrior hits you with a +0 glaive.
Things that are here:
a +0 flail; 36 gold pieces You miss Jorgrun.
You closely miss the orc warrior. You hit the orc warrior. You hit the orc.
You hit the orc warrior but do no damage.
You hit Jorgrun but do no damage. You whack the orc warrior! You hit the orc.
You kill the orc!
You hit the orc warrior but do no damage.
You whack the orc warrior! You block the orc warrior's attack.
The orc warrior hits you with a +0 trident!
Jorgrun points at you and mumbles some strange words.
Roots burst forth from the earth!
The grasping roots grab you!
* * * LOW HITPOINT WARNING * * *
The grasping roots constrict you. The orc warrior barely misses you.
You hit Jorgrun.
Jorgrun's magic leaks into the air.
You headbutt Jorgrun.
Jorgrun is lightly wounded.
You whack the orc warrior! You closely miss the orc warrior.
You miss something.
You hit the orc warrior but do no damage.
You hit Jorgrun.
Jorgrun's magic leaks into the air.
You headbutt Jorgrun!
Jorgrun is moderately wounded.
You hit the orc warrior but do no damage.
You barely miss the orc warrior. You barely miss something.
You hit the orc warrior.
You kill the orc warrior!
An orc wizard appears from thin air!
Reactivating autopickup.
You block the orc warrior's attack.
Jorgrun hits you with a +0 vorpal quarterstaff!
* * * LOW HITPOINT WARNING * * *
x3 The grasping roots constrict you!
The orc warrior hits you with a +0 glaive.
You die...
Xom chuckles heartily!

........#...............# #.....
............#...........# ......
...#......#.#...#.......##......
......<................{g.......
.....#.#..#.##.....§§..#.o#.....
.#....##.##.#......§§§o.).......
.............#..§§.§#§...oo.....
............#...og.§§...#.....#.
##.###.....###.§@oo..$...o......
## ###..## ##☼oo..§...#...#...
###. #.#..#....###.## .. .
......##.### ## . .....#.$.###
###.###..## ## ...# ..## #.##


You could see Jorgrun, 2 orc warriors, an orc wizard and 2 orcs.

Vanquished Creatures
  An orc sorcerer (Orc:1)
  2 ice statues (IceCv)
  An unseen horror (D:8)
  11 ice devils (IceCv)
  A spriggan (shapeshifter) (Orc:2)
  A wraith (D:9)
  A wyvern (D:5)
  A fire bat (Orc:1)
  A steam dragon (D:7)
  3 wargs (Orc:1)
  2 water moccasins
  A sky beast (D:6)
  11 orc warriors
  8 ice beasts
  A black bear (D:4)
  2 ogres
  2 centaurs (D:8)
  2 phantoms (D:5)
  3 bullfrogs (D:8)
  A scorpion (D:6)
  A water moccasin zombie (D:5)
  A water moccasin skeleton (D:4)
  3 killer bees (D:7)
  A howler monkey (D:7)
  2 centaur zombies (D:8)
  3 jellies
  2 bullfrog zombies
  A centaur skeleton (D:6)
  10 orc priests
  2 hounds (D:5)
  A bullfrog skeleton (D:5)
  19 orc wizards
  2 hound skeletons
  A howler monkey zombie (D:8)
  3 gnolls (D:8)
  7 adders
  4 howler monkey skeletons
  2 shadow imps
  6 white imps (IceCv)
  10 ufetubi
  An adder zombie (D:5)
  A worm (D:4)
  39 orcs
  7 endoplasms
  3 giant cockroaches
  8 goblins
  7 hobgoblins
  4 jackals
  3 quokkas
  6 ball pythons
  3 bats
  3 frilled lizards
  8 kobolds
  4 rats
234 creatures vanquished.

Vanquished Creatures (collateral kills)
  A warg (Orc:1)
  A killer bee (D:7)
  3 orc wizards
  3 orcs (Orc:1)
8 creatures vanquished.

Vanquished Creatures (others)
  A reaper (IceCv)
  A white imp (IceCv)
  3 ufetubi (IceCv)
  An orc (D:4)
6 creatures vanquished.

Grand Total: 248 creatures vanquished

Notes
Turn   | Place    | Note
-------+----------+-------------------------------------------
     0 | D:1      | freelancePsychic the Minotaur Chaos Knight began the quest
                  | for the Orb.
     0 | D:1      | Reached XP level 1. HP: 19/19 MP: 0/0
     1 | D:1      | You fall into a shaft and drop 1 floor!
    29 | D:2      | You fall into a shaft and drop 1 floor!
    29 | D:3      | Found a hide-covered altar of Uskayaw.
    29 | D:3      | Found a sparkling altar of Nemelex Xobeh.
    50 | D:4      | Reached skill level 4 in Maces & Flails
    50 | D:4      | Reached XP level 2. HP: 24/27 MP: 1/1
    68 | D:4      | Found a runed translucent gate.
    68 | D:4      | Found a runed translucent gate.
    68 | D:4      | Found a runed translucent gate.
    69 | D:4      | Noticed a black bear
    70 | D:4      | Noticed Phlounder's ghost (amateur DjWn)
    73 | D:4      | Noticed a howler monkey
    86 | D:4      | XOM: divination: detect creatures
    97 | D:4      | Reached XP level 3. HP: 25/33 MP: 2/2
   544 | D:4      | Noticed a black bear
   561 | D:4      | XOM: enchant monster (good)
   651 | D:3      | Reached skill level 5 in Maces & Flails
   651 | D:3      | Reached XP level 4. HP: 37/41 MP: 3/3
   741 | D:3      | XOM: silly message
  1356 | D:2      | XOM: 6-stop teleportation journey
  1462 | D:1      | XOM: 6-stop teleportation journey
  1590 | D:1      | XOM: summons 3 hostile demons
  1788 | D:1      | XOM: silly message
  1831 | D:1      | Reached XP level 5. HP: 43/47 MP: 4/4
  2151 | D:2      | XOM: give mutations
  2151 | D:2      | Gained mutation: You possess an exceptional clarity of
                  | mind. [Xom's grace]
  2151 | D:2      | Gained mutation: You are partially covered in iridescent
                  | scales. (AC +2) [Xom's grace]
  2151 | D:2      | Gained mutation: You have a somewhat thin skeletal
                  | structure. (Dex +2, Stealth+) [Xom's grace]
  2232 | D:2      | Found Kacokk's Distillery.
  2398 | D:3      | Found Agragh's Assorted Antiques.
  2403 | D:3      | Bought a transparent graven amulet for 130 gold pieces
  2403 | D:3      | Identified the amulet of the Empire {Reflect rF+ Will+ SH+5
                  | Stlth+} (You bought it in a shop on level 3 of the Dungeon)
  2483 | D:3      | Found Yxketrir's Magic Scroll Emporium.
  2609 | D:3      | Found Jekkaczu's Antique Armour Emporium.
  2612 | D:3      | Found Buewipish's Antique Weapon Shop.
  2796 | D:3      | Found a faded altar of an unknown god.
  2949 | D:4      | Killed a black bear
  2950 | D:4      | Reached skill level 5 in Fighting
  2950 | D:4      | Reached skill level 6 in Maces & Flails
  2950 | D:4      | Reached skill level 1 in Shields
  3143 | D:4      | XOM: give mutation
  3143 | D:4      | Gained mutation: You are robust. (+10% HP) [Xom's grace]
  3208 | D:4      | XOM: 3-stop teleportation journey
  3442 | D:4      | XOM: fog
  3750 | D:4      | Reached XP level 6. HP: 60/61 MP: 5/5
  3946 | D:5      | Entered Level 5 of the Dungeon
  3987 | D:5      | XOM: fake destruction
  4140 | D:5      | Found Paxohiv's Antique Armour Boutique.
  4179 | D:5      | Reached skill level 7 in Maces & Flails
  4298 | D:5      | Noticed an ice beast
  4302 | D:5      | XOM: scenery: summon butterflies
  4315 | D:5      | Killed an ice beast
  4316 | D:5      | Reached XP level 7. HP: 60/68 MP: 6/6
  4382 | D:5      | XOM: confuse monster(s)
  4492 | D:5      | Reached skill level 8 in Maces & Flails
  4675 | D:5      | XOM: silly message
  4821 | D:6      | Found Ladyf's Magic Scroll Shop.
  4897 | D:4      | XOM: torment (15/70 hp)
  5159 | D:5      | XOM: noise
  5186 | D:6      | Reached XP level 8. HP: 62/78 MP: 7/7
  5305 | D:5      | XOM: god gift: scroll of teleportation
  5323 | D:6      | Reached skill level 9 in Maces & Flails
  5470 | D:6      | XOM: cloud trail
  5520 | D:6      | Identified the ring of Afodoca {Will+ MP+9 Slay+4} (Xom
                  | gifted it to you on level 6 of the Dungeon)
  5520 | D:6      | XOM: god gift: ring of Afodoca {Will+ MP+9 Slay+4}
  5603 | D:6      | XOM: god gift: +0 plate armour of fire resistance
  5616 | D:6      | XOM: cloud trail
  5636 | D:6      | Found an opulent altar of Gozag.
  5858 | D:6      | Found a radiant altar of Vehumet.
  5925 | D:6      | Found a staircase to the Ecumenical Temple.
  6026 | D:6      | XOM: scenery: summon butterflies
  6127 | D:7      | Reached skill level 5 in Armour
  6184 | D:7      | XOM: summons friendly iron imp
  6238 | D:7      | XOM: fake destruction
  6242 | D:7      | Reached skill level 10 in Maces & Flails
  6257 | D:7      | Reached XP level 9. HP: 83/88 MP: 8/8
  6401 | D:7      | Found Zin's Purification Station.
  6402 | D:7      | Found a glowing silver altar of Zin.
  6794 | D:7      | Found an iron altar of Okawaru.
  6931 | D:8      | XOM: god gift: copper ring {god gift}
  7048 | D:8      | Found a hazy altar of Hepliaklqana.
  7145 | D:8      | Found a shimmering blue altar of Sif Muna.
  7163 | D:8      | XOM: scenery: 1 doors open
  7402 | D:8      | XOM: god gift: +1 buckler of reflection
  7462 | D:8      | XOM: 1-stop teleportation journey
  7612 | D:8      | XOM: god gift: 521 gold pieces
  7682 | D:6      | Bought a scroll of acquirement for 676 gold pieces
  7682 | D:6      | Acquired the ring "Duestelo" {rCorr Int+6 Slay+5 Stlth-}
  7921 | D:8      | Killed an unseen horror
  7922 | D:8      | Reached skill level 11 in Maces & Flails
  7922 | D:8      | Reached skill level 5 in Dodging
  7937 | D:8      | XOM: scenery: summon butterflies
  8036 | D:8      | Found a bloodstained altar of Trog.
  8036 | D:8      | XOM: 2-stop teleportation journey
  8395 | D:9      | Found a staircase to the Orcish Mines.
  8427 | Orc:1    | Entered Level 1 of the Orcish Mines
  8452 | Orc:1    | XOM: scenery: create altars
  8504 | Orc:2    | Entered Level 2 of the Orcish Mines
  8510 | Orc:2    | Noticed an orc sorcerer
  8515 | Orc:2    | XOM: summons 4 hostile shadow creatures
  8516 | Orc:2    | Noticed a sun demon
  8516 | Orc:2    | Noticed Jorgrun
  8639 | Orc:1    | Noticed an orc sorcerer
  8646 | Orc:1    | Killed an orc sorcerer
  8647 | Orc:1    | Reached XP level 10. HP: 85/100 MP: 9/9
  8680 | Orc:1    | Reached skill level 12 in Maces & Flails
  8680 | Orc:1    | Found Nyunami's Distillery.
  8758 | Orc:1    | XOM: summons 2 hostile demons
  8784 | Orc:1    | Found a frozen archway.
  8784 | Orc:1    | XOM: 1-stop teleportation journey
  8786 | Orc:1    | XOM: blink monster(s)
  8790 | Orc:1    | XOM: polymorph ice beast -> fire bat
  8794 | Orc:1    | XOM: cleaving
  8797 | Orc:1    | XOM: enchant monster (bad)
  8812 | IceCv    | Entered an ice cave
  8834 | IceCv    | Noticed an ice statue
  8834 | IceCv    | Noticed an ice statue
  8967 | IceCv    | XOM: divination: detect items
  8972 | IceCv    | Killed an ice statue
  8977 | IceCv    | XOM: god gift: scroll of acquirement
  8992 | IceCv    | Acquired a +6 eveningstar of protection
  9037 | IceCv    | Killed an ice statue
  9056 | IceCv    | Killed a reaper
  9064 | IceCv    | Reached skill level 10 in Fighting
  9193 | IceCv    | XOM: blink monster(s)
  9302 | IceCv    | Reached skill level 13 in Maces & Flails
  9302 | IceCv    | Reached XP level 11. HP: 86/111 MP: 10/10
  9669 | Orc:1    | XOM: cast spell 'Summon Ice Beast'
  9817 | Orc:1    | XOM: give mutations
  9817 | Orc:1    | Gained mutation: You have a pair of large horns on your
                  | head. [Xom's grace]
  9817 | Orc:1    | Gained mutation: Your system is resistant to poisons.
                  | (rPois) [Xom's grace]
  9817 | Orc:1    | Gained mutation: You are agile. (Dex +2) [Xom's grace]
  9817 | Orc:1    | Gained mutation: You are resistant to electric shocks.
                  | (rElec) [Xom's grace]
  9824 | Orc:1    | XOM: god gift: +6 ring of dexterity
  9928 | Orc:1    | XOM: give mutations
  9928 | Orc:1    | Gained mutation: You are mostly covered in iridescent
                  | scales. (AC +4) [Xom's grace]
  9928 | Orc:1    | Gained mutation: You are completely covered in iridescent
                  | scales. (AC +6) [Xom's grace]
  9928 | Orc:1    | Gained mutation: You evolve. [Xom's grace]
  9928 | Orc:1    | Lost mutation: You evolve. [Xom's grace]
  9928 | Orc:1    | Gained mutation: You are somewhat resistant to further
                  | mutation. [Xom's grace]
 10192 | Orc:1    | XOM: cloud trail
 10350 | Orc:1    | XOM: cloud trail
 10402 | Orc:2    | Noticed an orc high priest
 10420 | Orc:2    | an orc high priest changed into a shapeshifter
 10420 | Orc:2    | XOM: polymorph orc high priest -> shapeshifter
 10425 | Orc:2    | XOM: cleaving
 10432 | Orc:2    | HP: 5/112 [Jorgrun (17)]
 10432 | Orc:2    | Slain by an orc warrior

Illustrated notes

Levels and vault maps discovered:
D:1:      matt_arrival_diagonals, layout_loops_cross
D:2:      layout_basic, serial_shops, nicolae_shop_statue_plus
D:3:      layout_loops_ring, nicolae_overflow_hidden_temple,
          ebering_ecumenical_altar_box, serial_shops, shop, shop, shop,
          nicolae_diamond_shop, nicolae_underground_beach
D:4:      layout_basic, gammafunk_ghost_split, kennysheep_generic_room_7
D:5:      layout_layer_cave, nicolae_stop_n_shop_1
D:6:      layout_loops_ring, nicolae_gozag_seed_capital,
          nicolae_vehumet_radiance, temple_doors_e, serial_shops, shop
D:7:      minmay_flawed_box, layout_rooms, zin_purify,
          lemuel_coloured_pillars_altar, serial_park_tiny_pond
D:8:      layout_layer_cave, trog_hazing_becter, lemuel_doored_altar,
          worldfamousw_hep_ancestral_shrine, kennysheep_generic_room_11
D:9:      layout_basic, kennysheep_slug_shrine, david_orc_3, uniq_pikel
Orc:1:    cheibrodos_orc_guarddog, layout_caves,
          portal_ice_cave_entry_ice_beasts, serial_shops, shop,
          nicolae_orc_lava_room
Orc:2:    grunt_orc_tribal_feast, layout_caves, uniq_jorgrun, uniq_erolcha

Skill      XL: |  1  2  3  4  5  6  7  8  9 10 11 |
---------------+----------------------------------+-----
Maces & Flails | 4 5 6 7 8 10 11 13 | 13.2
Fighting       | 4 5 6 7 9 10 11 | 11.1
Armour         | 3 4 5 7 9 |  9.9
Shields        | 2 3 4 |  4.0
Dodging        | 3 5 6 |  6.8

Action                   |  1- 3 |  4- 6 |  7- 9 | 10-12 || total
-------------------------+-------+-------+-------+-------++-------
Melee: Mace              |    43 |   167 |   263 |    76 ||   549
       Headbutt          |     5 |    28 |    48 |    56 ||   137
       Eveningstar       |       |       |       |    60 ||    60
       Demon whip        |       |       |       |    74 ||    74
  Use: Scroll            |       |     5 |    10 |     2 ||    17
       Potion            |       |     1 |     3 |       ||     4
 Stab: Paralysed         |       |     2 |     2 |       ||     4
       Sleeping          |       |     5 |       |       ||     5
       Confused          |       |     1 |       |     2 ||     3
       Petrifying        |       |       |     1 |       ||     1
       Distracted        |       |       |     2 |       ||     2
       Petrified         |       |       |     1 |       ||     1
Armor: Leather armour    |    16 |    25 |       |       ||    41
       Ring mail         |       |    55 |    28 |       ||    83
       Plate armour      |       |       |   108 |    93 ||   201
Dodge: Dodged            |    31 |    69 |    71 |    43 ||   214
Block: Buckler           |       |    35 |   129 |    97 ||   261
       Reflection        |       |     2 |     5 |     1 ||     8

Table legend: (Time is in decaauts)
 A = Elapsed time spent in this place.
 B = Non-inter-level travel time spent in this place.
 C = Inter-level travel time spent in this place.
 D = Time resting spent in this place.
 E = Time spent auto-exploring this place.
 F = Levels seen in this place.
 G = Mean time per level.
                   A        B        C        D        E       F      G
               +--------+--------+--------+--------+--------+-----+--------+
         Total |  10379 |   9894 |    485 |   1231 |   6758 |  12 |  864.9 |
       Dungeon |   8447 |   7991 |    456 |    753 |   5936 |   9 |  938.6 |
  Orcish Mines |   1151 |   1123 |     28 |    109 |    712 |   2 |  575.5 |
      Ice Cave |    780 |    780 |      0 |    369 |    110 |   1 |  780.0 |
               +--------+--------+--------+--------+--------+-----+--------+

Top non-repeatable levels by time:
     D:4: 1902 daAuts
     D:8: 1433 daAuts
   Orc:1: 1089 daAuts
     D:6: 947 daAuts
     D:5: 922 daAuts
     D:3: 832 daAuts
     D:2: 825 daAuts
   IceCv: 780 daAuts
     D:7: 773 daAuts
     D:1: 766 daAuts
   Orc:2: 61 daAuts
     D:9: 43 daAuts
